AoeStats
← NoMad311

MegaRandom

505944494Analyzed
2v2 RM · 21d ago on Sep 11, 2026· 52m 33s· 4 players
Game mode
Random Map
Map size
Medium (4 player)
Population
200
Speed
Normal
Resources
Standard
Victory
Conquest
Starting age
Dark Age
Ending age
Imperial Age
RankedLock teamsTeams togetherTeam positionsShared explorationLock speedFull tech treeHidden civsTurbo modeCheats
Victory
Defeat
🇵🇦 Spanish · Panama
679
+12
🇺🇸 Aztecs · United States
598
+15
🇨🇿 Byzantines · Czechia
585
-14
🇨🇿 Teutons · Czechia
583
-13
NoMad311
6:03 Loom
14:48 Feudal Age
16:37 Wheelbarrow
15:52 Double-Bit Axe
16:09 Gold Mining
24:28 Castle Age
23:10 Scale Mail Armor
23:06 Fishing Lines
23:10 Fishing Lines
24:02 Man-at-Arms
26:19 Bow Saw
25:53 Horse Collar
26:37 Stone Mining
27:48 Chain Mail Armor
27:36 Caravan
27:55 Long Swordsman
27:55 Pikeman
28:36 Squires
28:21 Gambesons
29:39 Ballistics
29:12 Guard Tower
30:04 Hand Cart
30:39 Crossbowman
31:37 Gillnets
32:26 Padded Archer Armor
34:50 Bloodlines
36:53 Heated Shot
37:36 Medium Warships
41:37 Leather Archer Armor
41:28 Scale Barding Armor
41:34 Forging
41:15 Fletching
41:14 Town Watch
46:35 Elite Skirmisher
50:25 Imperial Age
51:55 Heavy Plow
Eurojedna
10:38 Feudal Age
8:53 Loom
12:00 Wheelbarrow
11:14 Double-Bit Axe
11:27 Gold Mining
11:47 Horse Collar
22:20 Castle Age
23:31 Hand Cart
24:28 Bow Saw
24:12 Stone Mining
25:02 Elite Skirmisher
25:07 Pikeman
30:29 Imperial Age
30:20 Heavy Plow
30:42 Squires
31:10 Halberdier
33:18 Thumb Ring
48:56 Two-Man Saw
arielhz45
4:42 Loom
12:10 Feudal Age
12:36 Horse Collar
12:46 Double-Bit Axe
20:20 Forging
20:10 Scale Mail Armor
23:43 Castle Age
22:41 Fletching
25:18 Heavy Plow
25:32 Bow Saw
27:45 Chain Mail Armor
28:06 Iron Casting
27:44 Gold Mining
28:27 Fervor
32:02 Ballistics
34:48 Gold Shaft Mining
40:56 Imperial Age
41:00 Elite Jaguar Warrior
42:02 Conscription
42:21 Conscription
42:23 Garland Wars
42:03 Atlatl
42:28 Elite Skirmisher
44:52 Heresy
47:45 Elite Jaguar Warrior
49:31 Devotion
50:17 Plate Mail Armor
51:05 Atlatl
53:19 Blast Furnace
52:15 Bodkin Arrow
52:21 Padded Archer Armor
Elcaifascefas
4:56 Loom
11:38 Feudal Age
12:22 Double-Bit Axe
16:31 Horse Collar
23:29 Castle Age
22:16 Padded Archer Armor
27:19 Ballistics
30:07 Gold Mining
35:26 Imperial Age
35:45 Elite Conquistador
38:19 Leather Archer Armor
39:26 Chemistry
40:47 Ring Archer Armor
Connection lost

Rejoining the realm…

Still unreachable

The connection could not be restored.

Session expired

The server has moved on; the page needs a fresh start.